 Dungeon Crawl Stone Soup version 0.28-a0-1395-g4f6bc678fa (webtiles) character file.

Game seed: 5759072044147671209

162838 HallandMoats the Peltast (level 17, -12/161 HPs)
             Began as a Minotaur Fighter on Jan 5, 2022.
             Was the Champion of the Shining One.
             Mangled by an eight-headed hydra simulacrum (33 damage)
             ... on level 4 of the Swamp.
             The game lasted 01:05:18 (31176 turns).

HallandMoats the Peltast (Minotaur Fighter)        Turns: 31176, Time: 01:05:19

Health: -12/161    AC: 38    Str: 31    XL:     17   Next: 22%
Magic:  25/25      EV: 19    Int:  8    God:    the Shining One [******]
Gold:   2458       SH: 20    Dex: 18    Spells: 16/16 levels left

rFire   + . .      SeeInvis .   p - +8 rapier "Murmur" {venom, rElec rPois Dex+2}
rCold   . . .      Faith    .   O - +0 kite shield {AC+3}
rNeg    + + +      Spirit   .   r - +9 plate armour "Lum Rirr" {rF+}
rPois   +          Reflect  +   L - +1 hat {Int+3}
rElec   +          Harm     .   n - +2 cloak
rCorr   .          Rampage  .   q - +0 pair of gloves
Will    ++...                   N - +0 pair of boots
Stlth   ..........              c - amulet of reflection
HPRegen 0.36/turn               F - ring "Quvvoh" {Will+ Slay+5}
MPRegen 0.19/turn               e - ring of Faeggurph {rElec EV+4 Str+8 Slay-2}

@: about to teleport, glowing, studying 2 skills
A: horns 2, retaliatory headbutt
a: Renounce Religion, Divine Shield, Cleansing Flame, Summon Divine Warrior,
Brand Weapon With Holy Wrath


You were on level 4 of the Swamp.
You worshipped the Shining One.
The Shining One was exalted by your worship.
You visited 5 branches of the dungeon, and saw 28 of its levels.
You also visited: Sewer and Gauntlet.

You collected 3354 gold pieces.
You spent 896 gold pieces at shops.

Inventory:

Hand Weapons
 a - the +5 triple sword of Oenomania {flame, Will+ Str+3}
   (You acquired it on level 1 of the Orcish Mines)

   It burns those it strikes, dealing additional fire damage.
   Big, fiery blades are also staple armaments of hydra-hunters.
   Str:       It affects your strength (+3).
   Will:      It increases your willpower.
 b - a +5 scimitar of flaming
 p - the +8 rapier "Murmur" (weapon) {venom, rElec rPois Dex+2}
   (You found it on level 2 of the Swamp)

   It poisons the flesh of those it strikes.
   Dex:       It affects your dexterity (+2).
   rElec:     It insulates you from electricity.
   rPois:     It protects you from poison.
Missiles
 G - 4 throwing nets (quivered)
Armour
 n - a +2 cloak (worn)
 q - a +0 pair of gloves (worn)
 r - the +9 plate armour "Lum Rirr" (worn) {rF+}
   (You found it on level 11 of the Dungeon)

   rF:        It protects you from fire.
 L - a +1 hat of intelligence (worn)
 N - a +0 pair of boots (worn)
 O - a +0 kite shield of protection (worn)
Jewellery
 c - an amulet of reflection (around neck)
 e - the ring of Faeggurph (right hand) {rElec EV+4 Str+8 Slay-2}
   (You found it in a Gauntlet)

   [ring of evasion]

   EV:        It affects your evasion (+4).
   Str:       It affects your strength (+8).
   Slay:      It affects your accuracy & damage with ranged weapons and melee
   (-2).
   rElec:     It insulates you from electricity.
 o - the ring "Deorrupn" {+Blink Fly Slay+4}
   (You found it on level 1 of the Swamp)

   [ring of slaying]

   Slay:      It affects your accuracy & damage with ranged weapons and melee
   (+4).
   Fly:       It grants you flight.
   +Blink:    It lets you blink.
 F - the ring "Quvvoh" (left hand) {Will+ Slay+5}
   (You took it off a minotaur in a Gauntlet)

   [ring of willpower]

   Slay:      It affects your accuracy & damage with ranged weapons and melee
   (+5).
   Will:      It increases your willpower.
 H - a ring of resist corrosion
Wands
 t - a wand of acid (15)
 M - a wand of digging (3)
 Z - a wand of mindburst (5)
Scrolls
 d - 12 scrolls of identify
 f - 11 scrolls of teleportation
 h - 4 scrolls of enchant weapon
 i - 4 scrolls of magic mapping
 j - 4 scrolls of amnesia
 m - 2 scrolls of fog
 u - 4 scrolls of immolation
 x - 2 scrolls of fear
 y - a scroll of silence
 C - 4 scrolls of enchant armour
 P - a scroll of holy word
 Q - 2 scrolls of blinking
 W - 2 scrolls of brand weapon
Potions
 g - a potion of might
 k - 3 potions of attraction {unknown}
 l - 6 potions of flight
 s - 2 potions of resistance
 v - a potion of cancellation
 w - 2 potions of berserk rage
 z - 5 potions of lignification
 A - 12 potions of curing
 B - 2 potions of haste
 D - 6 potions of heal wounds
 E - a potion of ambrosia
 I - 3 potions of brilliance
 J - a potion of magic {unknown}
 Y - 5 potions of mutation


   Skills:
 + Level 17.1 Fighting
 + Level 16.8 Long Blades
 * Level 17.1 Armour
 + Level 12.6 Dodging
 - Level 17.3 Shields
 * Level 12.5 Invocations


You had 16 spell levels left.
You didn't know any spells.
Your spell library contained the following spells:

 Spells                   Type           Power      Damage    Failure   Level
 Magic Dart               Conj           0%         1d3       89%         1
 Shock                    Conj/Air       0%         1d3       89%         1
 Blink                    Tloc           0%         N/A       96%         2
 Call Imp                 Summ           0%         N/A       96%         2
 Sublimation of Blood     Necr           0%         N/A       96%         2
 Wereblood                Tmut           0%         N/A       96%         2
 Conjure Flame            Conj/Fire      0%         6-21      99%         3
 Gell's Gravitas          Tloc           0%         N/A       99%         3
 Ignite Poison            Fire/Tmut/Pois 0%         N/A       99%         3
 Mephitic Cloud           Conj/Pois/Air  0%         N/A       99%         3
 Swiftness                Air            0%         N/A       99%         3
 Teleport Other           Tloc           0%         N/A       99%         3
 Airstrike                Air            0%         N/A       100%        4
 Animate Dead             Necr           0%         N/A       100%        4
 Leda's Liquefaction      Hex/Erth       0%         N/A       100%        4
 Sticky Flame             Conj/Fire      0%         2d3       100%        4
 Fireball                 Conj/Fire      0%         3d3       100%        5
 Lee's Rapid Deconstruct  Erth           0%         3d5*      100%        5
 Manifold Assault         Tloc           0%         N/A       100%        5
 Summon Forest            Summ/Tloc      0%         N/A       100%        5
 Summon Mana Viper        Hex/Summ       0%         N/A       100%        5
 Conjure Ball Lightning   Conj/Air       0%         3x3d6     100%        6
 Dispersal                Tloc           0%         N/A       100%        6
 Starburst                Conj/Fire      0%         6d3       100%        6
 Statue Form              Tmut/Erth      0%         N/A       100%        6
 Summon Cactus Giant      Summ           0%         N/A       100%        6
 Haunt                    Necr/Summ      0%         N/A       100%        7
 Storm Form               Tmut/Air       0%         N/A       100%        7
 Summon Hydra             Summ           0%         N/A       100%        7
 Discord                  Hex            0%         N/A       100%        8
 Disjunction              Tloc           0%         N/A       100%        8
 Ignition                 Fire           0%         3d3       100%        8
 Infestation              Necr           0%         N/A       100%        8


Dungeon Overview and Level Annotations

Branches:
Dungeon (15/15)            Temple (1/1) D:4            Lair (6/6) D:10
  Swamp (4/4) Lair:2       Spider (0/4) Lair:4        Slime (0/5) Lair:6
    Orc (2/2) D:11            Elf (0/3) Orc:2        Vaults (0/5) D:14
 Depths (0/4) D:15          Sewer (visited)         Gauntlet (visited)

Altars:
Ashenzari
Cheibriados
Elyvilon
Fedhas
Gozag
Hepliaklqana
Kikubaaqudgha
Makhleb
Nemelex Xobeh
Okawaru
Qazlal
Ru
Sif Muna
Trog
Uskayaw
Vehumet
Wu Jian
Xom
Yredelemnul
Zin
The Shining One
Beogh
Jiyva

Shops:
D:1 [   Orc:2 (=[*(=(


Innate Abilities, Weirdness & Mutations

You have a pair of horns on your head.
You reflexively headbutt those who attack you in melee.


Message History

The eight-headed hydra simulacrum barely misses you.
The eight-headed hydra simulacrum bites you but does no damage. x2
You puncture the ice dragon!
The ice dragon is moderately wounded.
You block the ice dragon's attack. The ice dragon claws you!
* * * LOW HITPOINT WARNING * * *
You block the ice dragon's attack.
You block the eight-headed hydra simulacrum's attack.
The eight-headed hydra simulacrum bites you but does no damage.
The eight-headed hydra simulacrum completely misses you. x2
The eight-headed hydra simulacrum bites you but does no damage.
The eight-headed hydra simulacrum closely misses you.
The eight-headed hydra simulacrum barely misses you.
The eight-headed hydra simulacrum bites you but does no damage.
As you read the scroll of teleportation, it crumbles to dust.
You feel strangely unstable. You block the ice dragon's attack. x2
The ice dragon misses you.
You feel much better.
The eight-headed hydra simulacrum completely misses you.
You block the eight-headed hydra simulacrum's attack. x4
The eight-headed hydra simulacrum bites you.
* * * LOW HITPOINT WARNING * * *
The eight-headed hydra simulacrum freezes you!!
* * * LOW HITPOINT WARNING * * *
The eight-headed hydra simulacrum bites you but does no damage. x2
The ice dragon bites you but does no damage.
The ice dragon claws you but does no damage.
The ice dragon closely misses you.
You feel much better.
The eight-headed hydra simulacrum misses you.
You block the eight-headed hydra simulacrum's attack.
The eight-headed hydra simulacrum bites you but does no damage.
The eight-headed hydra simulacrum misses you.
The eight-headed hydra simulacrum bites you but does no damage.
The eight-headed hydra simulacrum barely misses you.
You block the eight-headed hydra simulacrum's attack.
The eight-headed hydra simulacrum bites you!
* * * LOW HITPOINT WARNING * * *
The eight-headed hydra simulacrum freezes you!!
You die...

#≈≈.≈≈°°°☼☼≈
#≈..≈≈☼≈≈°☼.
#≈.≈≈°≈≈○§☼○
#≈≈.≈≈≈.°☼☼°
#≈.≈≈.≈Z≈°°
#°..≈≈≈≈# ♣♣♣♣♣♣
#♣.# ♣♣♣≈≈≈≈♣ ##..#
♣♣≈≈≈≈≈≈≈ ##@D##
♣♣≈≈≈≈≈.≈≈ #.Z##
♣♣≈≈≈≈..... #..#
♣≈≈≈≈..♣... #..#
♣♣≈≈..♣♣♣.. #.†♣#
♣♣≈≈.♣♣♣♣.
##..##♣♣♣♣♣♣♣♣.♣♣§.
###..#♣≈≈♣♣ ♣♣.♣♣♣≈
#...##♣≈≈≈♣♣♣..≈≈♣♣
##..## ♣≈≈≈♣.....≈≈


You could see an ice dragon (very poisoned) and an eight-headed hydra
simulacrum.

Vanquished Creatures
  Saint Roka (Orc:1)
  Rupert (Orc:1)
  Gastronok (D:9)
  A thorn hunter (Swamp:2)
  Roxanne (Swamp:2)
  An emperor scorpion (D:15)
  An orc warlord (Orc:2)
  5 eleionomae
  Nessos (D:14)
  The ghost of Ruicvywi the Grappler, a journeyman OgTm of Okawaru (Lair:3)
  A minotaur (Gauntlet)
  A dire elephant (D:15)
  5 bunyips
  Snorg (D:12)
  2 shambling mangroves
  Harold (D:8)
  16 hydras
  Josephine (D:11)
  4 boulder beetles
  2 ice dragons (Swamp:4)
  Erica (D:7)
  7 centaur warriors
  4 catoblepae
  A vault guard (D:14)
  4 tengu warriors
  6 death yaks (Lair:6)
  3 two-headed ogres
  15 alligators
  Urug (Orc:1)
  A dancing weapon (Lair:3)
  6 orc high priests (Orc:2)
  A spriggan berserker (Swamp:4)
  5 skeletal warriors
  A sixfirhy (Gauntlet)
  3 goliath frogs
  5 spriggan druids
  A bog body (Swamp:3)
  A lindwurm (Lair:4)
  3 wizards
  3 necromancers (D:14)
  3 deep elf pyromancers
  5 orc knights
  21 ugly things
  2 will-o-the-wisps
  9 elephants
  4 manticores
  An oklob plant (Orc:1)
  6 orc sorcerers
  A salamander (D:15)
  9 cyclopes
  4 black mambas
  Joseph (D:7)
  Maurice (D:8)
  2 gargoyles
  An unseen horror (D:11)
  3 kobold demonologists (D:13)
  4 rime drakes
  7 komodo dragons
  11 cane toads
  4 freezing wraiths (Swamp:4)
  A tengu conjurer (D:15)
  9 trolls
  9 tyrant leeches
  A polar bear (Lair:6)
  16 hornets
  17 blink frogs
  A raiju (shapeshifter) (D:11)
  6 dream sheep (Lair:6)
  A raiju (Gauntlet)
  A meliai zombie (D:11)
  19 slime creatures
  A shadow (D:12)
  A water elemental (D:13)
  A vampire (D:11)
  19 spriggans
  A spriggan (shapeshifter) (D:12)
  6 wyverns
  7 wraiths
  16 humans (D:14)
  37 yaks
  5 basilisks
  A golden eye (shapeshifter) (D:13)
  3 steam dragons
  12 vampire mosquitoes
  Edmund (D:6)
  Menkaure (D:7)
  15 swamp worms
  4 swamp worm simulacra (Swamp:4)
  6 wargs
  2 acid dragons
  17 water moccasins
  11 hydra simulacra (Swamp:4)
  Pargi (D:3)
  A sky beast (D:3)
  2 swamp drakes
  31 orc warriors
  An ice beast (D:8)
  8 black bears
  4 necrophages (D:11)
  3 ogres
  21 wolves
  13 centaurs
  3 phantoms
  3 kobold brigands
  8 bullfrogs
  2 gnoll sergeants
  8 scorpions
  A water moccasin skeleton (D:4)
  13 killer bees
  21 wights
  An electric eel (D:11)
  8 howler monkeys
  7 centaur zombies
  26 orc priests
  A jelly (D:4)
  A centaur skeleton (D:4)
  5 bullfrog skeletons
  4 hounds
  2 iguanas (D:6)
  28 orc wizards
  A hound skeleton (D:4)
  A howler monkey zombie (D:11)
  4 mummies (D:11)
  7 gnolls
  11 adders
  4 river rats
  2 white imps (D:7)
  6 ufetubi
  4 swamp drake simulacra (Swamp:4)
  2 worms
  4 dart slugs
  96 orcs
  7 endoplasms
  4 giant cockroaches
  5 goblins
  7 hobgoblins
  3 jackals (D:5)
  16 kobolds
  5 quokkas
  15 ball pythons
  4 bats
  17 frilled lizards
  14 rats
  6 briar patches
939 creatures vanquished.

Vanquished Creatures (collateral kills)
  A necromancer (D:14)
  An orc sorcerer (Orc:2)
  A human (D:14)
  5 orc warriors (Orc:2)
  4 orc priests (Orc:2)
  3 orc wizards (Orc:2)
  3 orcs (Orc:2)
18 creatures vanquished.

Vanquished Creatures (others)
  A swamp dragon (Swamp:4)
  A bog body (Swamp:4)
  A bloated husk (Swamp:1)
  A hornet (Swamp:2)
  A bush (D:10)
  11 foxfires
  15 fungi
  44 plants
  A withered plant (D:11)
76 creatures vanquished.

Grand Total: 1033 creatures vanquished

Notes
Turn   | Place    | Note
-------+----------+-------------------------------------------
     0 | D:1      | HallandMoats the Minotaur Fighter began the quest for the
                  | Orb.
     0 | D:1      | Reached XP level 1. HP: 19/19 MP: 0/0
    41 | D:1      | Found Pyps's Antique Armour Boutique.
   113 | D:1      | Reached XP level 2. HP: 27/27 MP: 1/1
   932 | D:2      | Reached XP level 3. HP: 17/33 MP: 2/2
  1347 | D:2      | Reached skill level 1 in Dodging
  1771 | D:3      | Found an ornate altar of the Wu Jian Council.
  1842 | D:3      | Found a sacrificial altar of Ru.
  1844 | D:3      | Found a snail-covered altar of Cheibriados.
  1872 | D:3      | Reached XP level 4. HP: 32/41 MP: 3/3
  1957 | D:3      | Noticed Pargi
  1965 | D:3      | Killed Pargi
  1966 | D:3      | Reached skill level 5 in Fighting
  1966 | D:3      | Reached XP level 5. HP: 41/48 MP: 4/4
  2226 | D:3      | Found a faded altar of an unknown god.
  2302 | D:3      | Noticed a sky beast
  2316 | D:3      | Killed a sky beast
  2317 | D:3      | Reached XP level 6. HP: 49/56 MP: 5/5
  2566 | D:4      | Reached skill level 5 in Long Blades
  2757 | D:4      | Found a staircase to the Ecumenical Temple.
  2774 | Temple   | Entered the Ecumenical Temple
  3047 | Temple   | Became a worshipper of the Shining One
  3295 | D:4      | Reached skill level 5 in Armour
  3295 | D:4      | Reached XP level 7. HP: 57/63 MP: 6/6
  3588 | D:4      | HP: 3/64 [orc priest/nerve-wracking pain (12)]
  3607 | D:5      | Entered Level 5 of the Dungeon
  4203 | D:5      | Reached * piety under the Shining One
  4263 | D:5      | Reached XP level 8. HP: 73/73 MP: 7/7
  4514 | D:5      | Found a blossoming altar of Fedhas.
  5155 | D:6      | Found a glowing drain.
  5171 | Sewer    | Entered a sewer
  5777 | D:6      | Noticed a cyclops
  5787 | D:6      | Killed a cyclops
  6345 | D:6      | Noticed Edmund
  6356 | D:6      | Killed Edmund
  6357 | D:6      | Reached XP level 9. HP: 55/82 MP: 8/8
  6934 | D:7      | Found a broken altar of Ashenzari.
  6935 | D:7      | Reached ** piety under the Shining One
  6943 | D:6      | Reached skill level 5 in Dodging
  7087 | D:7      | Noticed Joseph
  7101 | D:7      | Killed Joseph
  7499 | D:7      | Noticed Menkaure
  7505 | D:7      | Killed Menkaure
  7506 | D:7      | Reached skill level 10 in Fighting
  7578 | D:7      | Found an ancient bone altar of Kikubaaqudgha.
  7654 | D:7      | Found an opulent altar of Gozag.
  7654 | D:7      | Found a sparkling altar of Nemelex Xobeh.
  7722 | D:7      | Noticed a gargoyle
  7737 | D:7      | Killed a gargoyle
  7738 | D:7      | Reached skill level 10 in Long Blades
  8220 | D:8      | Reached XP level 10. HP: 74/94 MP: 9/9
  8358 | D:8      | Noticed Erica
  8700 | D:7      | Killed Erica
  8872 | D:8      | Paralysed by an orc wizard for 5 turns
  8885 | D:8      | Noticed Maurice
  8898 | D:8      | Killed Maurice
  9031 | D:8      | Reached *** piety under the Shining One
  9037 | D:8      | Reached skill level 5 in Shields
  9222 | D:8      | Reached **** piety under the Shining One
  9266 | D:8      | Noticed Harold
  9267 | D:8      | Noticed a green ugly thing
  9276 | D:8      | Killed Harold
  9282 | D:8      | Killed a green ugly thing
  9969 | D:9      | Noticed Gastronok
  9982 | D:9      | Killed Gastronok
  9983 | D:9      | Reached XP level 11. HP: 104/104 MP: 10/10
 10110 | D:9      | Found a basalt altar of Yredelemnul.
 10309 | D:9      | Identified the +1 helmet of the Gloaming {Int+3}
 10621 | D:9      | Found a white marble altar of Elyvilon.
 10665 | D:10     | Entered Level 10 of the Dungeon
 10665 | D:10     | Noticed a two-headed ogre
 10665 | D:10     | Found a radiant altar of Vehumet.
 10676 | D:10     | Killed a two-headed ogre
 10841 | D:10     | Noticed a brown ugly thing
 10849 | D:10     | Killed a brown ugly thing
 11148 | D:10     | Found a staircase to the Lair.
 11607 | D:11     | Noticed a two-headed ogre
 11618 | D:11     | Killed a two-headed ogre
 11710 | D:11     | Noticed a six-headed hydra
 11712 | D:11     | Noticed a four-headed hydra
 11718 | D:11     | Killed a three-headed hydra
 11724 | D:11     | Killed a two-headed hydra
 11737 | D:11     | Reached XP level 12. HP: 52/115 MP: 11/11
 11750 | D:11     | Noticed a tengu warrior
 11753 | D:11     | Noticed a six-headed hydra
 11761 | D:12     | Killed a three-headed hydra
 11828 | D:12     | Noticed Snorg
 11828 | D:12     | Reached ***** piety under the Shining One
 11849 | D:12     | Found a gate leading to a gauntlet.
 11858 | Gauntlet | Entered a Gauntlet
 11858 | Gauntlet | Found a transporter.
 11858 | Gauntlet | Found a transporter.
 12027 | Gauntlet | Found a transporter.
 12039 | Gauntlet | Found a transporter.
 12057 | Gauntlet | Found a transporter.
 12057 | Gauntlet | Found a transporter.
 12057 | Gauntlet | Found a transporter.
 12059 | Gauntlet | Found a transporter.
 12059 | Gauntlet | Found a transporter.
 12061 | Gauntlet | Noticed a great orb of eyes
 12068 | Gauntlet | Noticed a great orb of eyes
 12076 | Gauntlet | Found a transporter.
 12087 | Gauntlet | Found a transporter.
 12094 | Gauntlet | Noticed a satyr
 12095 | Gauntlet | Found a runed translucent door.
 12097 | Gauntlet | Found a transporter.
 12099 | Gauntlet | Found a runed translucent door.
 12111 | Gauntlet | Found a transporter.
 12131 | Gauntlet | Found a transporter.
 12212 | Gauntlet | Noticed an alligator
 12220 | Gauntlet | Reached skill level 1 in Invocations
 12222 | Gauntlet | Noticed a quicksilver ooze
 12222 | Gauntlet | an alligator changed into a quicksilver ooze
 12228 | Gauntlet | Identified the ring of Faeggurph {rElec EV+4 Str+8 Slay-2}
 12232 | Gauntlet | Noticed an alligator
 12240 | Gauntlet | Noticed a six-headed hydra
 12245 | Gauntlet | Noticed a boulder beetle
 12245 | Gauntlet | a six-headed hydra changed into a boulder beetle
 12248 | Gauntlet | Noticed a broodmother
 12248 | Gauntlet | a boulder beetle changed into a broodmother
 12249 | Gauntlet | Noticed a boulder beetle
 12249 | Gauntlet | a broodmother changed into a boulder beetle
 12662 | Gauntlet | Identified the ring "Quvvoh" {Will+ Slay+5}
 12662 | Gauntlet | Noticed a minotaur
 12674 | Gauntlet | Killed a minotaur
 12675 | Gauntlet | Reached skill level 10 in Armour
 13052 | D:12     | Noticed Josephine
 13057 | D:11     | Noticed a boulder beetle
 13071 | D:11     | Killed Josephine
 13083 | D:11     | Killed a boulder beetle
 13093 | D:11     | Reached skill level 10 in Shields
 13192 | D:11     | Noticed a four-headed hydra
 13198 | D:11     | Killed a one-headed hydra
 13307 | D:11     | Found a staircase to the Orcish Mines.
 13534 | D:11     | Identified the +9 plate armour "Lum Rirr" {rF+}
 13596 | D:11     | Noticed a tengu warrior
 13597 | D:11     | Noticed a tengu warrior
 13619 | D:11     | Killed a tengu warrior
 13628 | D:11     | Killed a tengu warrior
 13641 | D:11     | Killed a tengu warrior
 13642 | D:11     | Reached XP level 13. HP: 108/125 MP: 15/15
 13893 | D:12     | Killed Snorg
 14102 | D:12     | Reached skill level 5 in Invocations
 15072 | D:13     | Reached ****** piety under the Shining One
 16461 | D:14     | Found a broken altar of Ashenzari.
 16477 | D:14     | Reached XP level 14. HP: 117/133 MP: 18/18
 16633 | D:14     | Reached skill level 15 in Fighting
 16638 | D:14     | Reached skill level 10 in Dodging
 16660 | D:14     | Found a gate to the Vaults.
 16851 | D:14     | Noticed Nessos
 16861 | D:14     | Killed Nessos
 16966 | D:15     | Entered Level 15 of the Dungeon
 17337 | D:15     | Found a staircase to the Depths.
 17344 | D:15     | Noticed an emperor scorpion
 17356 | D:15     | Killed an emperor scorpion
 17596 | D:15     | Reached skill level 15 in Long Blades
 18143 | Lair:1   | Entered Level 1 of the Lair of Beasts
 18143 | Lair:1   | Found a shimmering blue altar of Sif Muna.
 18311 | Lair:1   | Identified a scroll of acquirement
 18562 | Lair:1   | You fall into a shaft and drop 1 floor!
 19065 | Lair:2   | Found a staircase to the Swamp.
 19506 | Lair:3   | Found a runed translucent door.
 19989 | Lair:3   | Reached XP level 15. HP: 141/141 MP: 20/20
 20178 | Lair:3   | Found a shimmering altar of Xom.
 20178 | Lair:3   | Noticed Ruicvywi's ghost (journeyman OgTm)
 20285 | Lair:3   | Killed Ruicvywi's ghost
 20286 | Lair:3   | Reached skill level 15 in Shields
 20357 | Lair:4   | Found a hole to the Spider Nest.
 21507 | Lair:6   | Entered Level 6 of the Lair of Beasts
 22451 | Lair:6   | Found a viscous altar of Jiyva.
 22452 | Lair:6   | Found a staircase to the Slime Pits.
 22496 | Lair:6   | Reached skill level 10 in Invocations
 23293 | Lair:6   | Identified the +0 leather armour of Qoejuote {+Inv rPois
                  | Str+5}
 23679 | Orc:1    | Entered Level 1 of the Orcish Mines
 23862 | Orc:1    | Acquired the +5 triple sword of Oenomania {flame, Will+
                  | Str+3}
 23936 | Orc:2    | Entered Level 2 of the Orcish Mines
 23992 | Orc:2    | Reached skill level 15 in Armour
 24182 | Orc:2    | Found Enois's Weapon Emporium.
 24208 | Orc:2    | Found Qaptosh's Jewellery Emporium.
 24677 | Orc:2    | Noticed Saint Roka
 24680 | Orc:2    | Reached XP level 16. HP: 151/151 MP: 22/22
 24681 | Orc:2    | Noticed Rupert
 25057 | Orc:1    | Paralysed by Rupert for 4 turns
 25065 | Orc:1    | Killed Rupert
 25157 | Orc:1    | Killed Saint Roka
 25316 | Orc:2    | Found Leibli's Antique Weapon Emporium.
 25324 | Orc:2    | Found a staircase to the Elven Halls.
 25370 | Orc:2    | Found Ulick's Weapon Shoppe.
 25814 | Orc:2    | Found Honytrar's General Store.
 25815 | Orc:2    | Found Luymeq's Jewellery Shoppe.
 25817 | Orc:2    | Found Utaphenn's Antique Armour Shoppe.
 25817 | Orc:2    | Found Guur's Antique Weapon Emporium.
 25877 | Orc:2    | Bought a spiked plate armour for 672 gold pieces
 25877 | Orc:2    | Identified the +1 plate armour of Theory {rC- Int+7 Stlth+}
                  | (You bought it in a shop on level 2 of the Orcish Mines)
 26213 | Orc:1    | Noticed Urug
 26224 | Orc:1    | Killed Urug
 26555 | Swamp:1  | Entered Level 1 of the Swamp
 27258 | Swamp:1  | Found a transporter.
 27665 | Swamp:1  | Found a transporter.
 27789 | Swamp:1  | Identified the ring "Deorrupn" {+Blink Fly Slay+4}
 27792 | Swamp:1  | Identified the +0 helmet of the Slightly Bent {rC+ Dex+4}
 27855 | Swamp:2  | Noticed Roxanne
 27875 | Swamp:2  | Killed Roxanne
 28111 | Swamp:2  | Noticed a thorn hunter
 28123 | Swamp:2  | Killed a thorn hunter
 28721 | Swamp:2  | Identified the +8 rapier "Murmur" {venom, rElec rPois
                  | Dex+2}
 29451 | Swamp:4  | Entered Level 4 of the Swamp
 29551 | Swamp:4  | Reached XP level 17. HP: 160/160 MP: 25/25
 30015 | D:1      | Bought a glowing scarf for 224 gold pieces
 31175 | Swamp:4  | HP: 4/161 [eight-headed hydra simulacrum (33)]
 31176 | Swamp:4  | Mangled by an eight-headed hydra simulacrum

Illustrated notes

Levels and vault maps discovered:
D:1:      mrwooster_arrival_statue, layout_basic, serial_shops,
          nicolae_shop_window_shopping, due_unseen_surprise
D:2:      layout_loops_ring
D:3:      layout_rooms, mainiacjoe_overflow_concentric_impassable,
          nicolae_overflow_hidden_temple, ebering_ecumenical_altar_box,
          uniq_pargi
D:4:      layout_basic, temple_pool_b, st_stairs_2, minivault_14
D:5:      layout_loops_ring, fedhas_ov_isle_minmay
D:6:      layout_loops_ring, portal_sewer_entry_a, uniq_edmund
D:7:      layout_gridville, grunt_temple_overflow_opulence,
          lemuel_crystal_altar, kennysheep_little_box, minmay_manual_mares,
          uniq_menkaure, uniq_joseph
D:8:      layout_basic, uniq_maurice, uniq_harold, uniq_erica
D:9:      layout_gridville, nicolae_elyvilon_temple_path, amcnicky_altar_gilded,
          uniq_gastronok
D:10:     layout_cave_pools, mainiacjoe_overflow_catwalk,
          minmay_lair_entry_grove
D:11:     nzn_winding_woodlands_small
          [nzn_winding_woodlands_5x15_river_crossing,
          nzn_winding_woodlands_center_pierced_h,
          nzn_winding_woodlands_5x15_pool], layout_rooms, david_orc_1_choice,
          serial_undead, serial_undead_f, serial_undead_b, serial_undead_e,
          serial_undead_d, serial_undead_f
D:12:     layout_basic, gauntlet_entry_generic, uniq_snorg, uniq_josephine
D:13:     layout_layer_cave, fountainhead, amcnicky_mini_corridor_feature
D:14:     layout_roguey, grunt_vaults_entry_tiered, cheibrodos_ashenzari_chains,
          uniq_nessos
D:15:     hangedman_depths_entry_try_elsewhere_first, layout_loops_ring
Temple:   jpeg_temple_island
Lair:1:   layout_big_grid, basic_altar, beast_lair_carwin_8, grunt_megastairs_5,
          infiniplex_staircase_pool_2
Lair:2:   layout_misc_corridors, minmay_swamp_entry_swarm, grunt_megastairs_3
Lair:3:   layout_cellular_growth, ebering_ghost_xom
Lair:4:   layout_misc_corridors, nicolae_spider_entry_non_spiders,
          fungi_pond_lemuel
Lair:5:   layout_long_grid, chequers_serial_rivers_micro_b,
          chequers_serial_rivers_micro_c, cheibrodos_lair_caveside_slide
Lair:6:   evilmike_catoblepas_cave, layout_hall_layers, slime_altar_1,
          chequers_serial_rivers_micro_e, columned_hall_lemuel
Swamp:1:  gammafunk_worm_tunnel, layout_falls_marsh, serial_swamp_ruin,
          evilmike_swamp_ruin_rubble_2, evilmike_swamp_ruin_house_5,
          evilmike_swamp_ruin_house_1
Swamp:2:  layout_basic_swamp, evilmike_swamp_ruin_wall, uniq_roxanne
Swamp:3:  layout_basic_swamp, evilmike_swamp_ruin_house_3,
          infiniplex_staircase_pool
Swamp:4:  swamp_icy, layout_basic_swamp, nicolae_swamp_big_swirl
Orc:1:    layout_diamond_mine, nicolae_orc_lava_tube, mines3_lemuel, uniq_urug
Orc:2:    st_orc_congregation, layout_diamond_mine, serial_shops,
          nicolae_shop_competitors_out_of_business,
          nicolae_shop_bloodbath_and_beyond, shop,
          nicolae_shop_temple_entry_statues_fountains, minmay_orc_temple_c,
          uniq_saint_roka, uniq_rupert

Skill      XL: |  1  2  3  4  5  6  7  8  9 10 11 12 13 14 15 16 17 |
---------------+----------------------------------------------------+-----
Fighting       | 4 5 6 7 8 10 12 13 14 15 16 17 | 17.1
Long Blades    | 3 4 5 6 8 10 11 13 14 15 16 | 16.8
Dodging        | 1 2 3 4 6 7 8 9 10 11 12 | 12.6
Armour         | 4 5 6 7 8 9 10 12 13 15 16 17 | 17.1
Shields        | 4 6 8 10 12 14 17 | 17.3
Invocations    | 4 6 8 10 12 | 12.5

Action                   |  1- 3 |  4- 6 |  7- 9 | 10-12 | 13-15 | 16-18 || total
-------------------------+-------+-------+-------+-------+-------+-------++-------
Melee: Long sword        |    92 |    85 |    60 |       |       |       ||   237
       Headbutt          |    10 |    14 |    54 |    93 |   268 |   207 ||   646
       Trident           |       |       |   128 |       |       |       ||   128
       Flail             |       |       |    93 |    22 |       |       ||   115
       Scimitar          |       |       |       |   369 |   867 |   410 ||  1646
       Triple sword      |       |       |       |       |    76 |    11 ||    87
       Rapier            |       |       |       |       |       |   267 ||   267
Invok: Divine Shield     |       |       |       |     2 |       |     1 ||     3
       Summon Divine War |       |       |       |       |     2 |       ||     2
Evoke: Wand              |       |       |       |     4 |     4 |       ||     8
  Use: Potion            |       |     1 |     5 |     5 |     1 |     4 ||    16
       Scroll            |       |       |     4 |     9 |    15 |     1 ||    29
Armor: Scale mail        |    48 |    45 |    61 |       |       |       ||   154
       Chain mail        |       |       |    71 |   150 |       |       ||   221
       Plate armour      |       |       |       |    18 |   332 |   211 ||   561
Dodge: Dodged            |    38 |    45 |   171 |   210 |   405 |   290 ||  1159
Block: Buckler           |    23 |    22 |    72 |    96 |       |       ||   213
       Kite shield       |       |       |       |    54 |   599 |   566 ||  1219
       Other             |       |       |       |       |    17 |     3 ||    20
       Reflection        |       |       |       |       |     4 |    21 ||    25

Table legend: (Time is in decaauts)
 A = Elapsed time spent in this place.
 B = Non-inter-level travel time spent in this place.
 C = Inter-level travel time spent in this place.
 D = Time resting spent in this place.
 E = Time spent auto-exploring this place.
 F = Levels seen in this place.
 G = Mean time per level.
                   A        B        C        D        E       F      G
               +--------+--------+--------+--------+--------+-----+--------+
         Total |  31174 |  29132 |   2042 |   5430 |  18420 |  30 | 1039.1 |
       Dungeon |  17004 |  15778 |   1226 |   2947 |  10094 |  15 | 1133.6 |
        Temple |    351 |    351 |      0 |      0 |    280 |   1 |  351.0 |
          Lair |   5502 |   5072 |    430 |      0 |   4312 |   6 |  917.0 |
         Swamp |   4192 |   3989 |    203 |    848 |   2325 |   4 | 1048.0 |
  Orcish Mines |   2510 |   2328 |    182 |    729 |    975 |   2 | 1255.0 |
         Sewer |    472 |    472 |      0 |      0 |    312 |   1 |  472.0 |
      Gauntlet |   1140 |   1140 |      0 |    906 |    119 |   1 | 1140.0 |
               +--------+--------+--------+--------+--------+-----+--------+

Top non-repeatable levels by time:
  Lair:6: 1986 daAuts
     D:7: 1684 daAuts
     D:6: 1620 daAuts
    D:13: 1394 daAuts
     D:8: 1307 daAuts
 Swamp:1: 1296 daAuts
   Orc:2: 1262 daAuts
   Orc:1: 1248 daAuts
     D:5: 1208 daAuts
    D:11: 1194 daAuts
 Swamp:4: 1160 daAuts
Gauntlet: 1140 daAuts
    D:15: 1110 daAuts
     D:4: 1104 daAuts
 Swamp:2: 1064 daAuts
